AoeStats
← hirax34

Nomad

510371890Analyzed
4v4 RM · 22h ago on Sep 30, 2026· 35m 53s· 8 players
Game mode
Random Map
Map size
231×231
Population
200
Speed
Normal
Resources
Standard
Victory
Conquest
Starting age
Dark Age
Ending age
Imperial Age
RankedLock teamsTeams togetherTeam positionsShared explorationLock speedFull tech treeHidden civsTurbo modeCheats
Victory
Defeat
🇫🇷 Persians · France
1296
+13
🇨🇿 Berbers · Czechia
1286
+14
🇺🇸 Britons · United States
1240
+16
🇩🇪 Celts · Germany
1201
+17
🇹🇷 Persians · Türkiye
1310
-17
🇩🇪 Vietnamese · Germany
1302
-18
🇷🇺 Teutons · Russia
1184
-13
🇦🇷 Italians · Argentina
1154
-12
Kryptonknight
12:20 Feudal Age
14:06 Double-Bit Axe
18:06 Castle Age
19:07 Fletching
20:59 Bow Saw
20:34 Horse Collar
20:45 Gold Mining
21:09 Bodkin Arrow
23:32 Loom
26:00 Fortified Wall
26:42 Town Watch
32:41 Wheelbarrow
33:49 Heavy Plow
33:41 Stone Mining
34:18 Padded Archer Armor
35:15 Hand Cart
38:41 Imperial Age
()=>{return WooZy}
4:47 Loom
14:18 Feudal Age
21:24 Fletching
24:14 Castle Age
28:13 Double-Bit Axe
29:01 Town Watch
29:27 Bodkin Arrow
29:54 Padded Archer Armor
31:18 Leather Archer Armor
31:44 Husbandry
32:56 Masonry
36:31 Ballistics
frexnir
5:40 Loom
13:10 Feudal Age
13:32 Double-Bit Axe
15:23 Forging
19:41 Castle Age
19:59 Bloodlines
20:23 Medium Warships
19:54 Fishing Lines
21:17 Wheelbarrow
20:52 Gillnets
24:47 Iron Casting
26:02 Bow Saw
32:02 Careening
32:04 Clinker Construction
35:25 Imperial Age
32:39 Horse Collar
33:31 Kamandaran
33:38 Padded Archer Armor
33:35 Gold Mining
34:01 Stone Mining
34:05 Town Watch
34:35 Hand Cart
34:04 Crossbowman
35:21 Fletching
36:51 Chemistry
36:50 Heavy Warships
Fighthausen
4:09 Loom
13:33 Feudal Age
17:59 Castle Age
15:48 Double-Bit Axe
16:40 Horse Collar
18:07 Wheelbarrow
24:20 Scale Mail Armor
25:45 Forging
26:48 Chain Mail Armor
28:25 Iron Casting
33:09 Imperial Age
30:57 Hand Cart
34:12 Conscription
33:14 Elite Woad Raider
34:29 Plate Mail Armor
35:00 Blast Furnace
34:53 Capped Ram
Riky
6:05 Loom
15:21 Feudal Age
15:57 Town Watch
16:25 Double-Bit Axe
16:27 Fishing Lines
19:57 Castle Age
18:13 Gold Mining
20:10 Stone Mining
21:04 Bow Saw
20:37 Horse Collar
20:49 Gillnets
23:36 Treadmill Crane
24:26 Fletching
25:06 Bodkin Arrow
25:55 Stone Shaft Mining
26:01 Medium Warships
26:16 Padded Archer Armor
26:41 Ballistics
27:41 Heavy Plow
28:51 Leather Archer Armor
30:12 Wheelbarrow
30:50 Murder Holes
32:25 Elite Skirmisher
34:12 Hand Cart
34:52 Sanctity
35:20 Masonry
38:47 Imperial Age
Esta
12:46 Loom
16:51 Feudal Age
21:22 Castle Age
19:25 Stone Mining
19:32 Double-Bit Axe
19:50 Horse Collar
22:21 Fletching
23:11 Crossbowman
24:32 Bodkin Arrow
26:14 Wheelbarrow
33:35 Imperial Age
31:44 Padded Archer Armor
Moa
6:00 Loom
15:32 Feudal Age
18:45 Fletching
26:57 Castle Age
25:35 Stone Mining
hirax34
8:56 Loom
12:20 Feudal Age
16:17 Castle Age
14:51 Fishing Lines
15:11 Double-Bit Axe
16:05 Fletching
21:47 Medium Warships
22:23 Bodkin Arrow
25:09 Horse Collar
28:22 Gold Mining
29:38 Careening
30:19 Clinker Construction
31:47 Gillnets
33:38 Wheelbarrow
34:15 Bow Saw
34:09 Heavy Plow
Connection lost

Rejoining the realm…

Still unreachable

The connection could not be restored.

Session expired

The server has moved on; the page needs a fresh start.